 Dungeon Crawl Stone Soup version 0.26-a0-720-g2a1d101370 (webtiles) character file.

Game seed: 6630681372031648146

2928 UberPyro the Geomancer (level 10, 70/70 HPs)
             Began as a Formicid Earth Elementalist on Oct 31, 2020.
             Was a Believer of Sif Muna.
             Quit the game in the Ecumenical Temple on Nov 18, 2021.
             The game lasted 02:15:18 (10570 turns).

UberPyro the Geomancer (FoEE)                      Turns: 10570, Time: 02:15:20

Health: 70/70      AC:  9    Str: 13    XL:     10   Next: 7%
Magic:  19/19      EV:  9    Int: 18    God:    Sif Muna [**....]
Gold:   166        SH:  0    Dex: 11    Spells: 15/21 levels left

rFire    . . .     SeeInvis +   B - +0 great sword (vorpal)
rCold    . . .     Faith    .   (no shield)
rNeg     . . .     Spirit   .   m - +0 scale mail
rPois    .         Reflect  .   (helmet unavailable)
rElec    .         Harm     .   (no cloak)
rCorr    .         Rampage  .   o - +1 pair of gloves
MR       +....                  (no boots)
Stlth    ++........             (no amulet)
HPRegen  0.21/turn              (no ring)
MPRegen  0.16/turn              (no ring)

@: no status effects
A: permanent stasis, dig shafts and tunnels, four strong arms, antennae 3
a: Dig, Shaft Self, Channel Magic, Renounce Religion


You were in the Ecumenical Temple.
You worshipped Sif Muna.
Sif Muna was pleased with you.
You visited 2 branches of the dungeon, and saw 8 of its levels.

You collected 354 gold pieces.
You spent 188 gold pieces at shops.

Inventory:

Hand Weapons
 b - a +0 arbalest
 l - a +2 dagger of protection
 x - a +2 shortbow of freezing
 A - a +2 dagger of electrocution
 B - a +0 vorpal great sword (weapon)
Missiles
 k - 31 poisoned darts
 p - 61 stones (quivered)
 y - 163 arrows
 D - 4 atropa-tipped darts
Armour
 c - a +0 robe
 m - a +0 scale mail (worn)
 n - a +0 leather armour
 o - a +1 pair of gloves (worn)
 H - a +0 crystal plate armour
Jewellery
 e - a cursed ring of teleportation {unknown}
 j - a cursed -4 ring of strength {unknown}
 q - an uncursed ring of protection from magic {unknown}
Wands
 t - a wand of paralysis (9)
 C - a wand of polymorph (11)
 F - a wand of disintegration (5)
 I - a wand of acid (11)
Scrolls
 a - a scroll of fog {unknown}
 f - 3 scrolls of remove curse {unknown}
 h - 9 scrolls of identify {unknown}
 i - 4 scrolls of enchant armour {unknown}
 v - 4 scrolls of amnesia {unknown}
 w - 3 scrolls of teleportation {unknown}
 z - 3 scrolls of enchant weapon {unknown}
 G - a scroll of blinking {unknown}
Potions
 d - a potion of might {unknown}
 g - a potion of heal wounds {unknown}
 r - a potion of mutation {unknown}
 s - a potion of flight {unknown}
 u - a potion of degeneration {unknown}
 E - a potion of stabbing {unknown}


   Skills:
 + Level 3.3 Fighting
 - Level 2.0(3.1) Short Blades
 - Level 3.7(4.0) Long Blades
 - Level 5.0 Armour
 - Level 2.0 Dodging
 - Level 6.0 Stealth
 - Level 6.0 Spellcasting
 - Level 2.0 Conjurations
 - Level 2.0 Transmutations
 - Level 10.0 Earth Magic


You had 15 spell levels left.
You knew the following spells:

 Your Spells              Type           Power        Failure   Level
a - Sandblast             Erth           #####.       1%          1
b - Passwall              Tmut/Erth      ####....     6%          2
c - Stone Arrow           Conj/Erth      ####..       13%         3

Your spell library contained the following spells:

 Spells                   Type           Power        Failure   Level
 Lee's Rapid Deconstruct  Erth           #####.....   22%         5
 Petrify                  Tmut/Erth      ####....     38%         4
 Animate Skeleton         Necr           #.....       45%         1
 Apportation              Tloc           #.....       45%         1
 Corona                   Hex            #......      45%         1
 Summon Small Mammal      Summ           #...         45%         1


Dungeon Overview and Level Annotations

Branches:
Dungeon (7/15)             Temple (1/1) D:7

Altars:
Dithmenos
Elyvilon
Fedhas
Kikubaaqudgha
Makhleb
Sif Muna
The Shining One

Shops:
D:4 ((   D:5 !   D:6 [


Innate Abilities, Weirdness & Mutations

You cannot be hasted, slowed, berserked, paralysed or teleported.
You can dig through walls and to a lower floor.
Your four strong arms can wield two-handed weapons with a shield.
You have a pair of large antennae on your head. (SInv)


Message History

You kneel at the altar of Dithmenos.
Found a glowing golden altar of the Shining One.
Found two altars.
There is a glowing golden altar of the Shining One here.
You kneel at the altar of the Shining One.
There is an ancient bone altar of Kikubaaqudgha here.
You kneel at the altar of Kikubaaqudgha.
There is a shimmering blue altar of Sif Muna here.
You offer a prayer to Sif Muna.
Unknown command.
Press < or > to pray at altars.
Saving game... please wait.
Welcome back, UberPyro the Formicid Earth Elementalist.
Sif Muna whispers: I know many secrets...
Press ? for a list of commands and other information.
Saving game... please wait.
Welcome back, UberPyro the Formicid Earth Elementalist.
Sif Muna whispers: I know many secrets...
Press ? for a list of commands and other information.
Are you sure you want to abandon this character and quit the game? (Confirm with "yes".)

#######################
#........#.............
#...._.........@.......
#........#.............
#._.._..##.............#
#......##......#+#......#
#....###......##
#......#+ #...##.....####
###.....## ##.##....+##
+....#### #........#
#........ #.......##
#.......


There were no monsters in sight!

Vanquished Creatures
  Joseph (D:7)
  Sigmund (D:6)
  A sky beast (D:6)
  2 phantoms
  An ice beast (D:6)
  A necrophage (D:4)
  3 ogres
  3 centaurs
  A big kobold (D:7)
  4 bullfrogs
  A water moccasin zombie (D:5)
  A wyvern zombie (D:7)
  4 killer bees (D:7)
  A howler monkey (D:3)
  A bullfrog zombie (D:6)
  A centaur zombie (D:5)
  2 orc priests
  4 hounds
  4 orc wizards
  6 iguanas
  3 worker ants (D:4)
  A hound skeleton (D:5)
  A worker ant zombie (D:7)
  4 adders
  11 gnolls
  3 shadow imps (D:5)
  A white imp (D:5)
  2 ufetubi
  3 oozes
  An adder skeleton (D:5)
  2 worms (D:5)
  2 leopard geckos
  8 orcs
  3 ball pythons
  14 bats
  4 giant cockroaches
  7 goblins
  5 hobgoblins
  6 jackals (D:1)
  3 quokkas
  2 frilled lizards
  A jackal skeleton (D:4)
  10 kobolds
  A leopard gecko skeleton (D:6)
  A quokka skeleton (D:4)
  A quokka zombie (D:5)
  5 rats
148 creatures vanquished.

Notes
Turn   | Place    | Note
-------+----------+-------------------------------------------
     0 | D:1      | UberPyro the Formicid Earth Elementalist began the quest
                  | for the Orb.
     0 | D:1      | Reached XP level 1. HP: 13/13 MP: 3/3
   161 | D:1      | Reached skill level 4 in Earth Magic
   187 | D:1      | Reached XP level 2. HP: 9/19 MP: 3/5
   597 | D:1      | Reached skill level 1 in Fighting
  1033 | D:1      | Reached XP level 3. HP: 22/26 MP: 3/6
  1850 | D:2      | Reached XP level 4. HP: 32/32 MP: 5/7
  2273 | D:2      | Reached skill level 5 in Earth Magic
  2297 | D:2      | Reached XP level 5. HP: 37/37 MP: 4/9
  2952 | D:2      | Found a shimmering blue altar of Sif Muna.
  2955 | D:2      | Became a worshipper of Sif Muna the Loreminder
  2959 | D:2      | Learned a level 2 spell: Passwall
  3978 | D:3      | Reached skill level 1 in Armour
  4115 | D:4      | Reached XP level 6. HP: 43/43 MP: 6/10
  4166 | D:4      | Reached skill level 6 in Earth Magic
  4351 | D:4      | Found a burning altar of Makhleb.
  4398 | D:4      | Noticed a phantom
  4535 | D:4      | Killed a phantom
  4535 | D:4      | Reached skill level 7 in Earth Magic
  4535 | D:4      | Reached XP level 7. HP: 48/48 MP: 8/11
  4592 | D:4      | Reached * piety under Sif Muna
  4592 | D:4      | Reached skill level 5 in Stealth
  4592 | D:4      | Reached skill level 1 in Short Blades
  4815 | D:4      | Found Kufyppit's Weapon Shop.
  4857 | D:4      | Found Xyofru's Weapon Emporium.
  5212 | D:4      | Reached XP level 8. HP: 3/54 MP: 8/14
  5826 | D:5      | Entered Level 5 of the Dungeon
  6156 | D:4      | Bought a +0 vorpal great sword for 152 gold pieces
  6223 | D:5      | Reached skill level 1 in Long Blades
  6223 | D:5      | Reached skill level 8 in Earth Magic
  6870 | D:5      | Learned a level 3 spell: Stone Arrow
  7269 | D:5      | Reached skill level 1 in Conjurations
  7461 | D:5      | Found Fyfu's Distillery.
  7471 | D:5      | Bought a potion of curing for 36 gold pieces
  7527 | D:5      | Reached XP level 9. HP: 59/61 MP: 2/15
  8051 | D:6      | Noticed Sigmund
  8135 | D:6      | Killed Sigmund
  8317 | D:6      | Found a blossoming altar of Fedhas.
  8442 | D:6      | Reached skill level 9 in Earth Magic
  8743 | D:6      | Reached ** piety under Sif Muna
  8844 | D:6      | Found Besoith's Armour Emporium.
  9043 | D:6      | Reached skill level 10 in Earth Magic
  9316 | D:7      | Reached skill level 5 in Spellcasting
  9337 | D:7      | Noticed Joseph
  9491 | D:7      | Killed Joseph
  9491 | D:7      | Reached skill level 5 in Armour
  9674 | D:7      | Reached XP level 10. HP: 61/67 MP: 10/19
 10362 | D:7      | Found a staircase to the Ecumenical Temple.
 10398 | Temple   | Entered the Ecumenical Temple
 10570 | Temple   | Upgraded the game from 0.26-a0-712-ga5a9c9c9d0 to
                  | 0.26-a0-720-g2a1d101370
 10570 | Temple   | Quit the game

Illustrated notes

Levels and vault maps discovered:
D:1:      lightli_arrival_maybe_door_vault, layout_loops_ring
D:2:      minmay_recursive_quarters, layout_loops_corners,
          minmay_misc_feat_rows, lemuel_blue_sif_altar
D:3:      wander_river, layout_basic
D:4:      minmay_spotlight, layout_basic, makhleb_blood_cavern_becter,
          serial_shops, shop, shop, chequers_mini_garden
D:5:      minmay_razor_zed, layout_basic, serial_shops, shop
D:6:      layout_rooms, lemuel_doored_altar, serial_shops, shop, uniq_sigmund
D:7:      layout_basic, minmay_temple_entry_junction_2, serial_shops,
          kennysheep_mini, kennysheep_generic_room_3, uniq_joseph
Temple:   regret_index_temple_generic_petals

Skill      XL: |  1  2  3  4  5  6  7  8  9 10 |
---------------+-------------------------------+-----
Dodging        | 2 |  2.0
Earth Magic    | 4 5 7 8 10 | 10.0
Fighting       | 1 2 3 |  3.3
Stealth        | 3 4 5 6 |  6.0
Spellcasting   | 3 4 6 |  6.0
Armour         | 1 2 3 4 5 |  5.0
Short Blades   | 2 |  2.0
Long Blades    | 3 |  3.7
Conjurations   | 2 |  2.0
Transmutations | 2 |  2.0

Action                   |  1- 3 |  4- 6 |  7- 9 | 10-12 || total
-------------------------+-------+-------+-------+-------++-------
Melee: Unarmed           |    32 |       |       |       ||    32
       Club              |    16 |       |       |       ||    16
       Dagger            |       |     6 |       |       ||     6
       Halberd           |       |    18 |     3 |       ||    21
       Great sword       |       |       |    28 |       ||    28
 Fire: Shortbow          |       |       |    13 |       ||    13
Throw: Stone             |       |    54 |    31 |       ||    85
       Dart              |       |       |     2 |       ||     2
 Cast: Sandblast         |    36 |    75 |   100 |    15 ||   226
       Stone Arrow       |       |       |    30 |     3 ||    33
  Use: Potion            |       |       |     1 |     1 ||     2
 Stab: Sleeping          |     1 |       |     1 |       ||     2
Armor: Robe              |     8 |       |       |       ||     8
       Scale mail        |       |    39 |    24 |     1 ||    64
Dodge: Dodged            |    59 |    42 |    36 |     1 ||   138
       Rpst.: Great sword |       |       |     4 |       ||     4

Table legend: (Time is in decaauts)
 A = Elapsed time spent in this place.
 B = Non-inter-level travel time spent in this place.
 C = Inter-level travel time spent in this place.
 D = Time resting spent in this place.
 E = Time spent auto-exploring this place.
 F = Levels seen in this place.
 G = Mean time per level.
                   A        B        C        D        E       F      G
               +--------+--------+--------+--------+--------+-----+--------+
         Total |  10643 |  10299 |    344 |   3357 |   3921 |   8 | 1330.4 |
       Dungeon |  10471 |  10127 |    344 |   3357 |   3921 |   7 | 1495.9 |
        Temple |    171 |    171 |      0 |      0 |      0 |   1 |  171.0 |
               +--------+--------+--------+--------+--------+-----+--------+

Top non-repeatable levels by time:
     D:4: 1965 daAuts
     D:5: 1835 daAuts
     D:2: 1601 daAuts
     D:1: 1477 daAuts
     D:7: 1247 daAuts
     D:6: 1172 daAuts
     D:3: 1171 daAuts
  Temple: 171 daAuts
